Map: Oxide LE

Players

Geralt (Gerald) - Winner!

  • Race: Protoss Protoss
  • League: Grandmaster
  • Spawn Location: 1:00

Denver

  • Race: Zerg Zerg
  • League: Grandmaster
  • Spawn Location: 7:00

Event: DreamHack SC2 Masters 2020 Winter

VOD

Have the link to the VOD?

Description

Time

  • Played on: Oct. 21, 2020, 12:01 p.m.
  • Length: 10:15

All games in this series

Show
View Real Time Build Order
Export as new Build Order

Geralt Protoss - Winner!

Build Orders: Oracle Opening 

Get SALT Encoding   

  12  0:02  Probe  
  13  0:14  Probe  
  13  0:21  Pylon  
  14  0:26  Probe  
  15  0:29  Assimilator  
  15  0:39  Probe (Chrono Boost)  
  16  0:46  Gateway  
  16  0:48  Probe (Chrono Boost)  
  17  0:53  Probe (Chrono Boost)  
  18  1:05  Probe  
  19  1:17  Probe  
  20  1:31  Pylon  
  20  1:32  Probe  
  21  1:35  Cybernetics Core  
  21  1:36  Zealot (Chrono Boost)  
  23  1:43  Assimilator  
  23  1:49  Probe  
  23  1:51  Gateway  
  24  2:01  Probe  
  27  2:13  Adept, Probe  
  27  2:25  Stargate, Probe  
  28  2:37  Probe  
  28  2:41  Warp Gate, Nexus  
  29  2:48  Pylon  
  29  3:01  Probe  
  29  3:04  Void Ray (Chrono Boost)  
  30  3:09  Adept  
  37  3:20  Gateway  
  37  3:23  Probe  
  37  3:29  Pylon  
  35  3:37  Oracle (Chrono Boost)  
  38  3:47  Shield Battery  
  38  3:51  Pylon  
  38  3:53  Probe  
  35  3:56  Probe  
  29  4:17  Gateway  
  29  4:23  Probe (Chrono Boost)  
  28  4:27  Probe (Chrono Boost)  
  28  4:35  Probe (Chrono Boost)  
  30  4:42  Probe (Chrono Boost)  
  30  4:43  Probe (Chrono Boost)  
  31  4:48  Adept  
  31  4:49  Probe (Chrono Boost)  
  31  4:51  Probe (Chrono Boost)  
  34  5:01  Probe (Chrono Boost)  
  34  5:04  Sentry  
  34  5:06  Probe (Chrono Boost)  
  37  5:07  Probe (Chrono Boost)  
  37  5:14  Gateway  
  38  5:15  Probe  
  38  5:21  Pylon  
  39  5:25  Probe  
  39  5:27  Probe  
  41  5:37  Shield Battery, Probe, Oracle  
  41  5:42  Probe  
  46  5:49  Robotics Facility, Probe (Chrono Boost)  
  47  5:56  Probe (Chrono Boost)  
  48  6:00  Assimilator  
  48  6:01  Probe (Chrono Boost)  
  48  6:02  Assimilator  
  49  6:07  Probe (Chrono Boost)  
  49  6:10  Probe (Chrono Boost)  
  51  6:12  Probe (Chrono Boost)  
  51  6:15  Probe  
  53  6:19  Gateway, Adept  
  53  6:21  Adept  
  53  6:22  Probe  
  58  6:31  Probe  
  59  6:32  Pylon  
  59  6:37  Probe  
  60  6:43  Probe  
  61  6:47  Warp Prism (Chrono Boost)  
  61  6:49  Probe  
  61  6:53  Gateway x2  
  61  6:55  Probe  
  62  7:05  Stalker x2  
  66  7:12  Pylon, Twilight Council  
  66  7:14  Pylon  
  64  7:23  Stalker  
  66  7:30  Stalker x2  
  66  7:33  Probe  
  66  7:36  Probe  
  72  7:43  Observer  
  73  7:45  Probe  
  73  7:47  Blink (Chrono Boost)  
  73  7:48  Probe  
  73  7:51  Pylon  
  75  8:12  Nexus  
  75  8:13  Pylon  
  75  8:14  Stalker x4  
  81  8:20  Probe  
  77  8:36  Probe  
  77  8:38  Stalker x5  
  88  8:47  Probe  
  89  8:48  Probe  
  89  8:51  Robotics Bay  
  90  8:59  Probe  
  90  9:00  Probe  
  92  9:05  Pylon  
  92  9:06  Stalker  
  94  9:12  Probe  
  94  9:13  Probe  
  96  9:22  Stalker x3  
  96  9:24  Probe  
  103  9:42  Probe  
  103  9:45  Probe x2  
  106  9:50  Pylon  
  106  9:51  Pylon  
  112  9:54  Pylon  
  112  10:00  Stalker x3  
Show
View Real Time Build Order
Export as new Build Order

Denver Zerg 

Build Orders: Pool First, Swarm Host 

Get SALT Encoding   

  12  0:00  Drone  
  13  0:12  Overlord  
  13  0:16  Drone  
  14  0:30  Drone x2  
  16  0:40  Spawning Pool  
  15  0:44  Drone  
  15  0:47  Drone  
  17  0:51  Extractor  
  16  1:10  Hatchery  
  15  1:14  Drone  
  16  1:27  Zergling x4  
  16  1:30  Zergling x2  
  19  1:37  Queen  
  21  1:49  Roach Warren  
  21  1:53  Drone  
  21  2:02  Metabolic Boost  
  21  2:11  Overlord  
  20  2:32  Roach x3  
  20  2:33  Roach  
  28  2:41  Zergling x2  
  29  2:45  Zergling x2  
  29  2:46  Zergling x2  
  31  2:52  Zergling x2  
  33  2:58  Ravager  
  33  3:00  Zergling x4  
  34  3:08  Overlord  
  34  3:12  Zergling x2  
  35  3:19  Zergling x2  
  36  3:22  Overlord  
  35  3:37  Zergling x6  
  35  3:54  Zergling x2  
  35  3:55  Zergling x8  
  29  4:12  Zergling x8  
  31  4:19  Drone  
  31  4:22  Drone  
  33  4:27  Drone  
  33  4:30  Drone  
  34  4:35  Queen  
  36  4:44  Drone x3  
  36  4:54  Drone x3  
  37  5:01  Queen  
  37  5:04  Drone  
  40  5:10  Overlord  
  39  5:16  Drone x3  
  40  5:24  Lair  
  40  5:27  Drone x2  
  41  5:32  Spore Crawler  
  41  5:34  Drone  
  41  5:35  Drone  
  42  5:37  Drone  
  42  5:41  Drone x2  
  45  5:44  Drone  
  45  5:45  Drone  
  45  5:48  Extractor  
  46  5:50  Drone  
  46  5:54  Overlord  
  47  5:59  Drone  
  47  6:02  Extractor, Overlord  
  47  6:03  Extractor  
  46  6:07  Overlord x2  
  46  6:14  Drone  
  46  6:15  Drone x3  
  46  6:17  Overlord  
  50  6:26  Infestation Pit  
  50  6:32  Drone x2  
  50  6:33  Drone x2  
  50  6:35  Zergling x6  
  50  7:01  Swarm Host x5  
  66  7:08  Drone x3  
  66  7:09  Nydus Network  
  66  7:13  Swarm Host  
  67  7:22  Swarm Host  
  67  7:23  Swarm Host  
  67  7:27  Queen  
  75  7:30  Swarm Host  
  75  7:32  Swarm Host  
  80  7:41  Overlord  
  80  7:43  Swarm Host  
  83  7:47  Nydus Canal  
  83  7:51  Overlord  
  82  7:59  Drone, Overlord x2  
  82  8:00  Spine Crawler  
  82  8:12  Zergling x2  
  83  8:13  Spine Crawler  
  83  8:15  Spine Crawler x2  
  83  8:18  Swarm Host x3  
  89  8:23  Swarm Host  
  92  8:30  Swarm Host  
  95  8:41  Swarm Host x2  
  95  8:42  Swarm Host  
  104  8:50  Nydus Canal  
  104  8:52  Zergling x2  
  104  8:53  Zergling x6  
  107  9:11  Swarm Host x3  
  107  9:12  Overlord x2  
  107  9:14  Overlord  
  116  9:19  Overlord  
  116  9:21  Overlord  
  116  9:22  Zergling x2  
  116  9:26  Overlord  
  116  9:31  Zergling x2, Overlord  
  114  9:41  Zergling x8  
  126  10:03  Nydus Canal  
Tags
 
Add a new tag
Caveats
  • Supply blocks, unpowered buildings, or Contaminate may cause inaccurate times.
  • Supply counts are checked every 10 seconds.